 Dungeon Crawl Stone Soup version 0.30-a0-137-gd8773701ce (webtiles) character file.

Game seed: 17643181824990221980

143 juncz the Magician (level 5, -4/40 HPs)
             Began as a Djinni Conjurer on Sept 22, 2022.
             Was an Initiate of Makhleb.
             Slain by Duvessa
             ... wielding a +0 short sword
              (6 damage)
             ... on level 4 of the Dungeon.
             The game lasted 00:05:34 (3525 turns).

juncz the Magician (Djinni Conjurer)                Turns: 3525, Time: 00:05:34

Health: -4/40      AC:  3    Str:  6    XL:     5   Next: 50%
Gold:   72         EV: 12    Int: 22    God:    Makhleb [......] SH:  0 Dex: 11

rFire   + + .      SeeInvis .    (no weapon)
rCold   x . .      Faith    .    (no shield)
rNeg    . . .      Spirit   .    a - +0 robe
rPois   ∞          Reflect  .    j - +0 helmet
rElec   .          Harm     .    (no cloak)
rCorr   .          Rampage  .    (no gloves)
Will    .....                    (boots unavailable)
Stlth   ++........               (no amulet)
HPRegen 0.13/turn                (no ring)
MPRegen 0.00/turn                (no ring)

@: flying, very slightly contaminated
A: sickness immunity, fire resistance 2, cold vulnerability 1, float, innate
caster, HP casting, extra vitality 1
a: Renounce Religion


You were on level 4 of the Dungeon.
You worshipped Makhleb.
Makhleb was noncommittal.
You visited 1 branch of the dungeon, and saw 4 of its levels.

You collected 72 gold pieces.

Inventory:

Armour
 a - a +0 robe (worn)
 j - a +0 helmet (worn)
Scrolls
 c - 2 scrolls of teleportation {unknown}
 d - 3 scrolls of enchant armour {unknown}
 f - a scroll of immolation {unknown}
 g - a scroll of torment {unknown}
 i - a scroll of acquirement {unknown}
 k - a scroll of blinking {unknown}
 l - 2 scrolls of fog {unknown}
 m - 2 scrolls of identify {unknown}
Potions
 b - a potion of mutation {unknown}
 e - 2 potions of invisibility {unknown}
 h - 5 potions of magic {unknown}
 n - a potion of heal wounds {unknown}
 o - a potion of attraction {unknown}
 p - 2 potions of lignification {unknown}
 q - a potion of brilliance {unknown}
 r - 2 potions of degeneration {unknown}
 s - a potion of haste {unknown}
 t - a potion of ambrosia {unknown}


   Skills:
 + Level 3.0 Fighting
 - Level 2.4 Dodging
 - Level 1.8 Stealth
 + Level 4.2 Spellcasting


You couldn't memorise any spells.
You knew the following spells:

 Your Spells              Type           Power      Damage    Failure   Level
a - Magic Dart            Conj           92%        1d7       1%          1
b - Searing Ray           Conj           46%        2d6       3%          2
c - Dazzling Flash        Conj/Hex       46%        N/A       6%          3
d - Fulminant Prism       Conj/Hex       11%        3d9       19%         4
e - Iskenderun's Mystic   Conj/Tloc      23%        2d6       19%         4
f - Foxfire               Conj/Fire      92%        2x1d8     1%          1
g - Ensorcelled Hibernat  Hex/Ice        46%        N/A       3%          2
Your spell library was empty.

Dungeon Overview and Level Annotations

Branches:
Dungeon (4/15)
 Temple: D:4-7

Altars:
Makhleb
Xom

Annotations:
D:4 Dowan, Duvessa


Innate Abilities, Weirdness & Mutations

You are immune to sickness and miasma.
You are immune to poison.
Your flesh is very heat resistant. (rF++)
You are vulnerable to cold. (rC-)
You float through the air rather than walking.
You learn spells naturally, not from books.
Your magical power is your life essence.
You have superior vitality. (+4 MHP)


Message History

Dowan is knocked back by the mystic blast.
The mystic blast hits Duvessa!
Duvessa is moderately wounded.
Duvessa is knocked back by the mystic blast.
Casting: Iskenderun's Mystic Blast (quite dangerous; 19% risk of failure)
Confirm with . or Enter, or press ? or * to list all spells.
You miscast Iskenderun's Mystic Blast.
Nothing appears to happen.
A giant cockroach comes into view.
Dowan casts a spell.
Dowan blinks!
Duvessa says, "When magic and the sword combine, nothing stands against them."
Duvessa hits you but does no damage.
Casting: Iskenderun's Mystic Blast (quite dangerous; 19% risk of failure)
Confirm with . or Enter, or press ? or * to list all spells.
You erupt in a blast of force!
The mystic blast hits Dowan.
Dowan is severely wounded.
Dowan is knocked back by the mystic blast.
Dowan slams into the translucent rock wall!
Dowan is almost dead.
The mystic blast hits Duvessa.
Duvessa is moderately wounded.
Duvessa is knocked back by the mystic blast.
* * * LOW HITPOINT WARNING * * *
Dowan points at Duvessa and mumbles some strange words.
Duvessa seems to speed up.
Casting: Iskenderun's Mystic Blast (quite dangerous; 19% risk of failure)
Confirm with . or Enter, or press ? or * to list all spells.
You miscast Iskenderun's Mystic Blast.
Nothing appears to happen.
* * * LOW HITPOINT WARNING * * *
Duvessa hits you with a +0 short sword.
* * * LOW HITPOINT WARNING * * *
Dowan casts a spell.
Dowan blinks!
Duvessa closely misses you.
Casting: Iskenderun's Mystic Blast (quite dangerous; 19% risk of failure)
Confirm with . or Enter, or press ? or * to list all spells.
You don't have enough health to cast this spell.
You closely miss Duvessa.
Duvessa is moderately wounded.
The giant cockroach barely misses you. Duvessa hits you with a +0 short sword.
You die...

# ##.## ..#.# #.#.. #
#######?$e#
#.#.......#.# .
##.#.#.#.#.#.###....
...........@B.....#.
####.#.#.#.#.e..###...
.....#......§...#
.).....#.#.#....#
#####..........#
#........###...#
#.###.#### #...#
#.######...# #.....#
###


You could see Duvessa (fast), Dowan and a giant cockroach.

Vanquished Creatures
  An iguana (D:3)
  3 gnolls (D:2)
  An adder (D:2)
  A worm (D:2)
  2 dart slugs
  5 orcs (D:3)
  6 ball pythons
  4 endoplasms
  5 giant cockroaches
  7 goblins
  9 hobgoblins
  4 jackals (D:3)
  4 quokkas
  4 bats
  2 frilled lizards
  2 kobolds
  3 rats
63 creatures vanquished.

Notes
Turn   | Place    | Note
-------+----------+-------------------------------------------
     0 | D:1      | juncz the Djinni Conjurer began the quest for the Orb.
     0 | D:1      | juncz set off with the following spells memorised: Magic
                  | Dart, Searing Ray, Dazzling Flash, Fulminant Prism,
                  | Iskenderun's Mystic Blast.
     0 | D:1      | Reached XP level 1. HP: 15/15 MP: 0/0
   225 | D:1      | Reached XP level 2. HP: 15/21 MP: 0/0
   679 | D:1      | Found a faded altar of an unknown god.
   773 | D:1      | Reached skill level 1 in Fighting
   834 | D:1      | Reached XP level 3. HP: 18/27 MP: 0/0
   834 | D:1      | Learned a level 1 spell: Foxfire
  1593 | D:2      | Found a shimmering altar of Xom.
  1816 | D:2      | Reached XP level 4. HP: 30/33 MP: 0/0
  2347 | D:3      | Reached skill level 4 in Spellcasting
  2525 | D:3      | Reached XP level 5. HP: 30/39 MP: 0/0
  2525 | D:3      | Learned a level 2 spell: Ensorcelled Hibernation
  3039 | D:3      | Found a burning altar of Makhleb.
  3044 | D:3      | Became a worshipper of Makhleb the Destroyer
  3510 | D:4      | Noticed Dowan
  3511 | D:4      | Noticed Duvessa
  3524 | D:4      | HP: 2/40 [Duvessa/+0 short sword (5)]
  3525 | D:4      | Slain by Duvessa

Illustrated notes

Levels and vault maps discovered:
D:1:      eino_arrival_cavern_a, layout_basic, basic_ecumenical_altar,
          minmay_pentomino_z4
D:2:      layout_rooms, basic_altar, minmay_between
D:3:      layout_basic, lightli_temple_of_fire
D:4:      layout_basic, nicolae_ru_sacrificial_ziggurat, serial_glass,
          glass_columns_b, glass_columns_b, ebering_ghost_reflecting_pool,
          uniq_duvessa, uniq_crazy_yiuf_cottage, uniq_pikel

Skill      XL: |  1  2  3  4  5 |
---------------+----------------+-----
Fighting       | 1 2 3 |  3.0
Spellcasting   | 4 |  4.2
Dodging        | |  2.4
Stealth        | |  1.8

Action                   |  1- 3 |  4- 6 || total
-------------------------+-------+-------++-------
Melee: Unarmed           |       |     1 ||     1
 Cast: Magic Dart        |    77 |    84 ||   161
       Iskenderun's Myst |       |     3 ||     3
Armor: Robe              |     1 |     4 ||     5
Dodge: Dodged            |     6 |    13 ||    19

Table legend: (Time is in decaauts)
 A = Elapsed time spent in this place.
 B = Non-inter-level travel time spent in this place.
 C = Inter-level travel time spent in this place.
 D = Time resting spent in this place.
 E = Time spent auto-exploring this place.
 F = Levels seen in this place.
 G = Mean time per level.
                   A        B        C        D        E       F      G
               +--------+--------+--------+--------+--------+-----+--------+
         Total |   3524 |   3502 |     22 |      0 |   3174 |   4 |  881.0 |
       Dungeon |   3524 |   3502 |     22 |      0 |   3174 |   4 |  881.0 |
               +--------+--------+--------+--------+--------+-----+--------+

Top non-repeatable levels by time:
     D:1: 1408 daAuts
     D:3: 1155 daAuts
     D:2: 892 daAuts
     D:4: 67 daAuts
